AA CENTRAL
SPRINGFIELD CARDINALS @ FRISCO ROUGHRIDERS
05/15/2042
 
TOP OF THE 1ST
Springfield Cardinals batting - Pitching for Frisco RoughRiders : RHP Jim Unknown
Pitching: RHP Jim Unknown
Batting: RHB Mende Dodwell 0-0: Ground out 1-3 (Groundball, 13S, EV 68.8 MPH)
Batting: RHB Edwin Jackson 0-0: Fly out, F7 (Flyball, 7S, EV 81.9 MPH)
Batting: SHB Bernardo Fernández 0-0: Ball
1-0: Ball
2-0: Ball
3-0: Base on Balls
Batting: RHB Josh Ellis 0-0: Called Strike
0-1: Ball
1-1: Called Strike
1-2: Ball
2-2: Ground out 1-3 (Groundball, 13, EV 61.9 MPH)
Top of the 1st over - 0 runs, 0 hits, 0 errors, 1 left on base; Springfield 0 - Frisco 0
BOTTOM OF THE 1ST
Frisco RoughRiders batting - Pitching for Springfield Cardinals : RHP Jesús Pérez
Pitching: RHP Jesús Pérez
Batting: RHB Jeff Maxwell 0-0: Ball
1-0: Ball
2-0: Called Strike
2-1: Foul Ball, location: 2LF
2-2: Ground out 4-3 (Groundball, 4, EV 85.0 MPH)
Batting: RHB Cliff Richardson 0-0: Called Strike
0-1: Ball
1-1: Ball
2-1: Ground out 6-3 (Groundball, 6M, EV 105.0 MPH)
Batting: LHB Dan Weaver 0-0: Foul Ball, location: 2F
0-1: Ball
1-1: Fly out, F7 (Flyball, 7D, EV 96.9 MPH)
Bottom of the 1st over - 0 runs, 0 hits, 0 errors, 0 left on base; Springfield 0 - Frisco 0
TOP OF THE 2ND
Springfield Cardinals batting - Pitching for Frisco RoughRiders : RHP Jim Unknown
Batting: RHB Ronnie Watson 0-0: Ball
1-0: Ball
2-0: Ball
3-0: Called Strike
3-1: Fly out, F8 (Flyball, 8RD, EV 77.5 MPH)
Batting: LHB Jorge Martínez 0-0: Swinging Strike
0-1: Ball
1-1: Ball
2-1: Ball
3-1: Foul Ball, location: 5DF
3-2: Base on Balls
Batting: RHB Mike Lee 0-0: Ball
1-0: Called Strike
1-1: Ball
2-1: Foul Ball, location: 2F
2-2: Strikes out looking
Batting: LHB Luis Carrasco 0-0: Ball
1-0: Ball
2-0: Ball
3-0: Base on Balls
Jorge Martínez to second
Batting: RHB Cris Castro 0-0: Called Strike
0-1: Swinging Strike
0-2: Foul Ball, location: 9LDF
0-2: Ball
1-2: Strikes out swinging
Top of the 2nd over - 0 runs, 0 hits, 0 errors, 2 left on base; Springfield 0 - Frisco 0
BOTTOM OF THE 2ND
Frisco RoughRiders batting - Pitching for Springfield Cardinals : RHP Jesús Pérez
Batting: RHB Joel Johnson 0-0: Ball
1-0: Called Strike
1-1: Swinging Strike
1-2: Strikes out swinging
Batting: RHB Lúcio Ramírez 0-0: Called Strike
0-1: Called Strike
0-2: Foul Ball, location: 9LSF
0-2: Ball
1-2: Strikes out looking
Batting: RHB Jim Unknown 0-0: Called Strike
0-1: Swinging Strike
0-2: Ball
1-2: Strikes out swinging
Bottom of the 2nd over - 0 runs, 0 hits, 0 errors, 0 left on base; Springfield 0 - Frisco 0
TOP OF THE 3RD
Springfield Cardinals batting - Pitching for Frisco RoughRiders : RHP Jim Unknown
Batting: RHB Mende Dodwell 0-0: DOUBLE (Groundball, 3L, EV 96.9 MPH)
Batting: RHB Edwin Jackson 0-0: Ball
1-0: DOUBLE (Line Drive, 89D, EV 107.5 MPH)
Mende Dodwell scores
Batting: SHB Bernardo Fernández 0-0: Ball
1-0: Ball
2-0: Foul Ball, location: 2F
2-1: Foul Ball, location: 5F
2-2: Foul Ball, location: 3FF
2-2: Strikes out swinging
Batting: RHB Josh Ellis 0-0: Ball
1-0: Called Strike
1-1: Ball
2-1: SINGLE (Groundball, 15S, EV 70.0 MPH) (infield hit)
Edwin Jackson to third
Batting: RHB Ronnie Watson 0-0: Ball
1-0: Fielders Choice at 2nd, 6-4 (Groundball, 56, EV 78.1 MPH)
Edwin Jackson scores
Batting: LHB Jorge Martínez 0-0: Foul Ball, location: 5F
0-1: Ball
1-1: Ball
2-1: Ball
3-1: Foul Ball, location: 25F
3-2: Base on Balls
Ronnie Watson to second
Batting: RHB Mike Lee 0-0: Foul Ball, location: 2F
0-1: Called Strike
0-2: Fielders Choice at 2nd, 6-4 (Groundball, 6, EV 78.8 MPH)
Top of the 3rd over - 2 runs, 3 hits, 0 errors, 2 left on base; Springfield 2 - Frisco 0
BOTTOM OF THE 3RD
Frisco RoughRiders batting - Pitching for Springfield Cardinals : RHP Jesús Pérez
Batting: RHB Jim Unknown 0-0: Swinging Strike
0-1: Fly out, F5 (Popup, 5SF, EV 76.9 MPH)
Batting: RHB Jim Unknown 0-0: SINGLE (Line Drive, 78M, EV 95.6 MPH)
Batting: RHB Jim Unknown 0-0: Grounds into double play, 5-4-3 (Groundball, 56S, EV 82.5 MPH)
Bottom of the 3rd over - 0 runs, 1 hit, 0 errors, 0 left on base; Springfield 2 - Frisco 0
TOP OF THE 4TH
Springfield Cardinals batting - Pitching for Frisco RoughRiders : RHP Jim Unknown
Batting: LHB Luis Carrasco 0-0: Foul Ball, location: 2F
0-1: Foul Ball, location: 7LDF
0-2: Foul Ball, location: 2F
0-2: Hit by Pitch
Batting: RHB Cris Castro 0-0: Ball
1-0: Ball
2-0: Sac Bunt to P - play at second, runner OUT! 1-6
Batting: RHB Mende Dodwell 0-0: Ball
Cris Castro steals 2nd base (no throw)
1-0: Ball
2-0: Ball
3-0: Called Strike
3-1: Foul Ball, location: 5F
3-2: Foul Ball, location: 23FF
3-2: Foul Ball, location: 3FF
3-2: Fly out, F9 (Flyball, 9, EV 76.9 MPH)
Batting: RHB Edwin Jackson 0-0: Fly out, F3 (Popup, 3S, EV 70.6 MPH)
Top of the 4th over - 0 runs, 0 hits, 0 errors, 1 left on base; Springfield 2 - Frisco 0
BOTTOM OF THE 4TH
Frisco RoughRiders batting - Pitching for Springfield Cardinals : RHP Jesús Pérez
Batting: RHB Jeff Maxwell 0-0: Called Strike
0-1: Called Strike
0-2: Foul Ball, location: 2F
0-2: Foul Ball, location: 25F
0-2: Ground out 4-3 (Groundball, 4, EV 81.3 MPH)
Batting: RHB Cliff Richardson 0-0: Ball
1-0: Foul Ball, location: 7LDF
1-1: Swinging Strike
1-2: Strikes out looking
Batting: LHB Dan Weaver 0-0: Ball
1-0: Ball
2-0: Called Strike
2-1: Fly out, F8 (Flyball, 8LS, EV 86.9 MPH)
Bottom of the 4th over - 0 runs, 0 hits, 0 errors, 0 left on base; Springfield 2 - Frisco 0
TOP OF THE 5TH
Springfield Cardinals batting - Pitching for Frisco RoughRiders : RHP Jim Unknown
Batting: SHB Bernardo Fernández 0-0: Called Strike
0-1: Ball
1-1: Ball
2-1: Swinging Strike
2-2: Foul Ball, location: 23FF
2-2: Ball
3-2: Base on Balls
Batting: RHB Josh Ellis 0-0: 2-RUN HOME RUN (Flyball, 78XD, EV 113.1 MPH), Distance : 450 ft
Batting: RHB Ronnie Watson 0-0: Ball
1-0: Called Strike
1-1: Swinging Strike
1-2: Ground out 3-1 (Groundball, 34, EV 95.6 MPH)
Batting: LHB Jorge Martínez 0-0: SINGLE (Line Drive, 3D, EV 102.5 MPH)
Batting: RHB Mike Lee 0-0: Foul Ball, location: 5DF
0-1: Ball
1-1: SINGLE (Line Drive, 89S, EV 90.6 MPH)
Jorge Martínez to second
Runner from 2nd tries for 3rd, SAFE, no throw by CF
Batting: LHB Luis Carrasco 0-0: Ball
1-0: Foul Ball, location: 23F
1-1: Foul Ball, location: 7LMF
1-2: Ball
2-2: Ball
3-2: Fly out, F8 (Flyball, 78M, EV 80.0 MPH)
Runner from 3rd tags up, OUT at HOME! 8-2
Top of the 5th over - 2 runs, 3 hits, 0 errors, 1 left on base; Springfield 4 - Frisco 0
BOTTOM OF THE 5TH
Frisco RoughRiders batting - Pitching for Springfield Cardinals : RHP Jesús Pérez
Batting: RHB Joel Johnson 0-0: Called Strike
0-1: Ball
1-1: Ground out 4-3 (Groundball, 4, EV 88.8 MPH)
Batting: RHB Lúcio Ramírez 0-0: SINGLE (Line Drive, 78S, EV 103.8 MPH)
Batting: RHB Jim Unknown 0-0: Ball
Wild Pitch!
Lúcio Ramírez to second
1-0: DOUBLE (Line Drive, 8RXD, EV 105.0 MPH)
Lúcio Ramírez scores
Batting: RHB Jim Unknown 0-0: Ball
1-0: Fly out, F7 (Flyball, 7D, EV 101.9 MPH)
Runner from 2nd tags up, SAFE at 3rd, no throw by LF
Batting: RHB Jim Unknown 0-0: Fly out, F7 (Flyball, 78D, EV 91.9 MPH)
Bottom of the 5th over - 1 run, 2 hits, 0 errors, 1 left on base; Springfield 4 - Frisco 1
TOP OF THE 6TH
Springfield Cardinals batting - Pitching for Frisco RoughRiders : RHP Jim Unknown
Batting: RHB Cris Castro 0-0: Swinging Strike
0-1: Ball
1-1: Ball
2-1: Fly out, F8 (Line Drive, 78M, EV 102.5 MPH)
Pitching: RHP Jim Unknown
Batting: RHB Mende Dodwell 0-0: Ball
1-0: Ball
2-0: Called Strike
2-1: Called Strike
2-2: SINGLE (Groundball, 6S, EV 63.8 MPH) (infield hit)
Batting: RHB Edwin Jackson 0-0: Ball
1-0: Called Strike
Mende Dodwell steals 2nd base
1-1: Foul Ball, location: 5F
1-2: Ball
Wild Pitch!
Mende Dodwell to third
2-2: Foul Ball, location: 23F
2-2: Ball
3-2: Ground out 2-3 (Groundball, 15S, EV 92.5 MPH)
Batting: SHB Bernardo Fernández 0-0: Ball
1-0: Foul Ball, location: 2F
1-1: Ball
2-1: Ground out 4-3 (Groundball, 34D, EV 103.1 MPH)
Top of the 6th over - 0 runs, 1 hit, 0 errors, 1 left on base; Springfield 4 - Frisco 1
BOTTOM OF THE 6TH
Frisco RoughRiders batting - Pitching for Springfield Cardinals : RHP Jesús Pérez
Batting: RHB Jim Unknown 0-0: Ball
1-0: Ball
2-0: Ground out 6-3 (Groundball, 6M, EV 90.0 MPH)
Batting: RHB Jeff Maxwell 0-0: Called Strike
0-1: Foul Ball, location: 7LSF
0-2: Ground out 3-1 (Groundball, 34, EV 96.9 MPH)
Batting: RHB Cliff Richardson 0-0: Ball
1-0: Called Strike
1-1: Fly out, F9 (Line Drive, 9LS, EV 88.1 MPH)
Bottom of the 6th over - 0 runs, 0 hits, 0 errors, 0 left on base; Springfield 4 - Frisco 1
TOP OF THE 7TH
Springfield Cardinals batting - Pitching for Frisco RoughRiders : RHP Jim Unknown
Batting: RHB Josh Ellis 0-0: Foul Ball, location: 2F
0-1: Ball
1-1: Foul Ball, location: 2F
1-2: Ball
2-2: Ground out 5-3 (Groundball, 56, EV 77.5 MPH)
Batting: RHB Ronnie Watson 0-0: Foul Ball, location: 5F
0-1: Ball
1-1: SINGLE (Line Drive, 7S, EV 91.3 MPH)
Batting: LHB Jorge Martínez 0-0: Called Strike
0-1: Fielders Choice at 2nd, 6-4 (Groundball, 6, EV 86.3 MPH)
Batting: RHB Mike Lee 0-0: Ball
1-0: Foul Ball, location: 2F
1-1: Ball
2-1: Foul Ball, location: 9LSF
2-2: Strikes out swinging
Top of the 7th over - 0 runs, 1 hit, 0 errors, 1 left on base; Springfield 4 - Frisco 1
BOTTOM OF THE 7TH
Frisco RoughRiders batting - Pitching for Springfield Cardinals : RHP Jesús Pérez
Batting: LHB Dan Weaver 0-0: DOUBLE (Flyball, 89D, EV 98.1 MPH)
Batting: RHB Joel Johnson 0-0: Ball
1-0: Ball
2-0: Called Strike
2-1: Called Strike
2-2: SINGLE (Groundball, 4MD, EV 100.0 MPH)
Dan Weaver to third
Batting: RHB Lúcio Ramírez 0-0: Ball
1-0: Ball
2-0: Ball
3-0: Base on Balls
Joel Johnson to second
Batting: RHB Jim Unknown 0-0: Ball
1-0: Ball
2-0: SINGLE (Groundball, 6MD, EV 98.1 MPH)
Dan Weaver scores
Joel Johnson to third
Lúcio Ramírez to second
Batting: RHB Jim Unknown 0-0: DOUBLE (Line Drive, 8LXD, EV 110.0 MPH)
Joel Johnson scores
Lúcio Ramírez scores
Jim Unknown to third
Batting: RHB Jim Unknown 0-0: Fly out, F9 (Line Drive, 9S, EV 93.8 MPH)
Batting: RHB Jim Unknown 0-0: Ball
1-0: Ball
2-0: Ball
3-0: Called Strike
3-1: DOUBLE (Line Drive, 9LM, EV 100.6 MPH)
Jim Unknown scores
Jim Unknown scores
Pitching: RHP Jorge Núñez
Batting: RHB Jeff Maxwell 0-0: Foul Ball, location: 2F
0-1: Ball
1-1: Fly out, F3 (Popup, 3F, EV 75.0 MPH)
Batting: RHB Cliff Richardson 0-0: Ball
1-0: Called Strike
1-1: Ball
2-1: Ball
3-1: Ground out 2-3 (Groundball, 2R, EV 63.1 MPH)
Bottom of the 7th over - 5 runs, 5 hits, 0 errors, 1 left on base; Springfield 4 - Frisco 6
TOP OF THE 8TH
Springfield Cardinals batting - Pitching for Frisco RoughRiders : RHP Jim Unknown
Batting: LHB Luis Carrasco 0-0: Ball
1-0: Ball
2-0: Ground out 4-3 (Groundball, 4, EV 83.8 MPH)
Pinch Hitting: LHB Mike Elder 0-0: Swinging Strike
0-1: Ball
1-1: Foul Ball, location: 2F
1-2: Ball
2-2: Ball
3-2: Foul Ball, location: 5F
3-2: Foul Ball, location: 5F
3-2: Foul Ball, location: 7LMF
3-2: Ground out 6-3 (Groundball, 6, EV 101.9 MPH)
Batting: RHB Mende Dodwell 0-0: Called Strike
0-1: Called Strike
0-2: Foul Ball, location: 3DF
0-2: Strikes out swinging
Top of the 8th over - 0 runs, 0 hits, 0 errors, 0 left on base; Springfield 4 - Frisco 6
BOTTOM OF THE 8TH
Frisco RoughRiders batting - Pitching for Springfield Cardinals : RHP Jorge Núñez
Now in CF: Mike Elder
Batting: LHB Dan Weaver 0-0: Ball
1-0: Ball
2-0: Called Strike
2-1: Swinging Strike
2-2: Strikes out swinging
Batting: RHB Joel Johnson 0-0: Foul Ball, location: 9LSF
0-1: Ball
1-1: Swinging Strike
1-2: Strikes out swinging
Batting: RHB Lúcio Ramírez 0-0: Ball
1-0: Fly out, F7 (Flyball, 7D, EV 97.5 MPH)
Bottom of the 8th over - 0 runs, 0 hits, 0 errors, 0 left on base; Springfield 4 - Frisco 6
TOP OF THE 9TH
Springfield Cardinals batting - Pitching for Frisco RoughRiders : RHP Jim Unknown
Batting: RHB Edwin Jackson 0-0: Ball
1-0: Ball
2-0: Ball
3-0: Called Strike
3-1: Foul Ball, location: 2F
3-2: Fly out, F7 (Flyball, 7, EV 91.3 MPH)
Batting: SHB Bernardo Fernández 0-0: TRIPLE (Line Drive, 9D, EV 103.1 MPH)
Pitching: RHP Jim Unknown
Batting: RHB Josh Ellis 0-0: Called Strike
0-1: Fly out, F8 (Flyball, 8RM, EV 92.5 MPH)
Batting: RHB Ronnie Watson 0-0: Foul Ball, location: 5F
0-1: Swinging Strike
0-2: Ball
1-2: Foul Ball, location: 5F
1-2: Foul Ball, location: 9LMF
1-2: Ball
Wild Pitch!
Bernardo Fernández scores
2-2: Foul Ball, location: 9LSF
2-2: Ball
3-2: Foul Ball, location: 5F
3-2: Strikes out swinging
Top of the 9th over - 1 run, 1 hit, 0 errors, 0 left on base; Springfield 5 - Frisco 6
Friday, May 3rd , 2024 - OOTP Baseball 24.10 Build 82